 Dungeon Crawl Stone Soup version 0.25.1-2-g60ff931df9 (webtiles) character file.

Game seed: 1419090889758805779

2856 Delamore the Basher (level 9, -5/54 HPs)
             Began as a Gargoyle Fighter on Sept 2, 2020.
             Slain by a large slime creature (26 damage)
             ... on level 8 of the Dungeon.
             The game lasted 00:05:20 (6832 turns).

Delamore the Basher (Gargoyle Fighter)              Turns: 6832, Time: 00:05:20

Health: -5/54      AC: 20    Str: 23    XL:     9   Next: 75%
Magic:  9/9        EV:  8    Int:  9    God:
Gold:   351        SH: 15    Dex:  9    Spells: 8/8 levels left

rFire    + . .     SeeInvis .   K - +4 flail (freeze)
rCold    + . .     Gourm    .   c - +0 kite shield
rNeg     + . .     Faith    .   n - +2 ring mail {rC+}
rPois    ∞         Spirit   .   k - +1 hat
rElec    +         Reflect  +   (no cloak)
rCorr    .         Harm     .   N - +0 pair of gloves
MR       .....                  (no boots)
Stlth    ..........             D - amulet of reflection
HPRegen  0.18/turn              x - +4 ring of protection
MPRegen  0.11/turn              M - ring of protection from fire

@: no status effects
A: negative energy resistance 1, electricity resistance, unbreathing,
petrification resistance, rot immunity, AC +6
a: no special abilities


You were on level 8 of the Dungeon.
You were not hungry.

You visited 2 branches of the dungeon, and saw 9 of its levels.

You collected 351 gold pieces.

Inventory:

Hand Weapons
 a - a +0 flail
 G - a +2 whip of electrocution
 K - a +4 flail of freezing (weapon)
Missiles
 B - 3 javelins (quivered)
Armour
 b - a +0 scale mail
 c - a +0 kite shield (worn)
 k - a +1 hat (worn)
 n - a +2 ring mail of cold resistance (worn)
 I - a +0 plate armour
 N - a +0 pair of gloves (worn)
Jewellery
 s - an uncursed ring of fire
 x - a +4 ring of protection (left hand)
 D - an amulet of reflection (around neck)
 M - a ring of protection from fire (right hand)
Wands
 E - a wand of iceblast (10)
 L - a wand of random effects (14)
Scrolls
 e - 5 scrolls of remove curse {unknown}
 i - 13 scrolls of identify {unknown}
 l - 3 scrolls of blinking {unknown}
 m - a scroll of fear {unknown}
 p - a scroll of noise {unknown}
 q - 2 scrolls of enchant weapon {unknown}
 r - 3 scrolls of amnesia {unknown}
 t - 5 scrolls of teleportation {unknown}
 w - 2 scrolls of random uselessness {unknown}
 y - a scroll of immolation {unknown}
 F - 2 scrolls of enchant armour {unknown}
Potions
 d - 2 potions of might
 g - 4 potions of haste {unknown}
 h - 5 potions of curing {unknown}
 j - 3 potions of ambrosia {unknown}
 o - a potion of berserk rage {unknown}
 u - 3 potions of heal wounds {unknown}
 v - 2 potions of stabbing {unknown}
 z - a potion of cancellation {unknown}
 A - 3 potions of degeneration {unknown}
 C - 2 potions of brilliance {unknown}
 H - a potion of lignification {unknown}
Comestibles
 f - 9 rations


   Skills:
 - Level 5.0 Fighting
 + Level 11.6 Maces & Flails
 - Level 5.0 Armour
 - Level 5.0 Shields


You had 8 spell levels left.
You didn't know any spells.
Your spell library contained the following spells:

 Spells                   Type           Power        Failure   Level  Hunger
 Beastly Appendage        Tmut           #.....       92%         1    ##.....
 Freeze                   Ice            #...         92%         1    ##.....
 Sticks to Snakes         Tmut           #.......     98%         2    ###....
 Frozen Ramparts          Ice            #.....       100%        3    ####...
 Ozocubu's Armour         Chrm/Ice       #.......     100%        3    ####...
 Spider Form              Tmut/Pois      #.........   100%        3    ####...
 Hailstorm                Conj/Ice       #.......     100%        4    #####..
 Ice Form                 Ice/Tmut       #.......     100%        4    #####..
 Summon Ice Beast         Ice/Summ       #.......     100%        4    #####..
 Blade Hands              Tmut           #.........   100%        5    ######.


Dungeon Overview and Level Annotations

Branches:
Dungeon (8/15)             Temple (1/1) D:4
   Lair: D:8-11

Altars:
Ashenzari
Cheibriados
Dithmenos
Elyvilon
Fedhas
Gozag
Hepliaklqana
Kikubaaqudgha
Makhleb
Nemelex Xobeh
Qazlal
Ru
Sif Muna
Trog
Uskayaw
Vehumet
Wu Jian
Yredelemnul
Zin
The Shining One

Annotations:
D:6 2 transporters, diiiiiane's ghost, novice DEFE


Innate Abilities, Weirdness & Mutations

You are resistant to torment.
Your stone body is resilient. (AC +6)
You are immune to poison.
You resist negative energy. (rN+)
You are resistant to electric shocks. (rElec)
You can survive without breathing.
You are immune to petrification.
You are immune to rotting.


Message History

You are too injured to fight recklessly!
You are too injured to fight recklessly!
You are too injured to fight recklessly!
You are too injured to fight recklessly!
You are too injured to fight recklessly!
You are too injured to fight recklessly!
You are too injured to fight recklessly!
You are too injured to fight recklessly!
You are too injured to fight recklessly!
You are too injured to fight recklessly!
You are too injured to fight recklessly!
You are too injured to fight recklessly!
You are too injured to fight recklessly!
You sock the slime creature! You freeze the slime creature.
You kill the slime creature!
The large slime creature hits you.
You hit the large slime creature. You freeze the large slime creature.
The large slime creature is lightly wounded.
The large slime creature hits you!!
You die...

##### #.#..
#<#.####### ###
####.#.#.....#.....
#....#.#.#>@.......
#.##.#.#.#.#J...###
#.#..#.#.#.#.#..#
#.####.#.#.### ....
#.#....#.### .##
#........# .#
###.###### # #....#
######


You could see a large slime creature.

Vanquished Creatures
  Pikel (D:5)
  Prince Ribbit (D:5)
  A slime creature (D:8)
  Eustachio (D:5)
  A water moccasin (D:5)
  Duvessa (D:6)
  An ice beast (D:6)
  A phantom (D:6)
  2 ogres (D:7)
  An orc warrior (D:6)
  A big kobold (D:7)
  2 bullfrogs
  A water moccasin zombie (D:5)
  Dowan (D:6)
  3 wights (D:6)
  A howler monkey (D:7)
  A crimson imp (D:5)
  3 hounds
  2 jellies (D:7)
  An orc wizard (D:6)
  An orc priest (D:6)
  A bullfrog skeleton (D:7)
  3 worker ants
  3 iguanas (D:7)
  3 hound skeletons
  A worker ant zombie (D:6)
  A howler monkey skeleton (D:6)
  13 adders
  3 gnolls (D:4)
  An ooze (D:1)
  An adder skeleton (D:4)
  2 worms
  2 leopard geckos
  10 orcs
  5 giant cockroaches
  6 hobgoblins
  3 quokkas
  3 ball pythons
  11 bats
  5 frilled lizards
  A giant cockroach zombie (D:6)
  3 goblins
  A jackal skeleton (D:7)
  8 kobolds
  10 rats
128 creatures vanquished.

Vanquished Creatures (others)
  A worker ant (D:5)
  A shadow imp (D:5)
2 creatures vanquished.

Grand Total: 130 creatures vanquished

Notes
Turn   | Place    | Note
-------+----------+-------------------------------------------
     0 | D:1      | Delamore the Gargoyle Fighter began the quest for the Orb.
     0 | D:1      | Reached XP level 1. HP: 14/14 MP: 1/1
   404 | D:1      | Reached XP level 2. HP: 18/19 MP: 2/2
  1005 | D:2      | Found a hazy altar of Hepliaklqana.
  1042 | D:2      | Reached XP level 3. HP: 17/24 MP: 3/3
  1201 | D:2      | Reached XP level 4. HP: 21/29 MP: 4/4
  1424 | D:2      | Found a shimmering blue altar of Sif Muna.
  1770 | D:3      | Reached skill level 3 in Maces & Flails
  1771 | D:3      | Reached XP level 5. HP: 33/33 MP: 5/5
  2950 | D:4      | Reached XP level 6. HP: 17/39 MP: 6/6
  3197 | D:4      | Found a staircase to the Ecumenical Temple.
  3232 | Temple   | Entered the Ecumenical Temple
  3719 | D:5      | Entered Level 5 of the Dungeon
  3930 | D:5      | Found a radiant altar of Vehumet.
  3931 | D:5      | Found a sparkling altar of Nemelex Xobeh.
  3931 | D:5      | Found a sacrificial altar of Ru.
  4121 | D:5      | Noticed Eustachio
  4150 | D:5      | Killed Eustachio
  4150 | D:5      | Reached skill level 5 in Fighting
  4150 | D:5      | Reached skill level 4 in Maces & Flails
  4150 | D:5      | Reached skill level 5 in Armour
  4150 | D:5      | Reached skill level 5 in Shields
  4150 | D:5      | Reached XP level 7. HP: 19/44 MP: 7/7
  4518 | D:5      | Noticed Pikel
  4560 | D:5      | Killed Pikel
  4560 | D:5      | Reached skill level 7 in Maces & Flails
  4560 | D:5      | Reached XP level 8. HP: 13/49 MP: 8/8
  5040 | D:5      | Noticed Prince Ribbit
  5086 | D:5      | Killed Prince Ribbit
  5086 | D:5      | Reached skill level 8 in Maces & Flails
  5342 | D:6      | Reached skill level 9 in Maces & Flails
  5465 | D:6      | Reached XP level 9. HP: 44/54 MP: 9/9
  5695 | D:6      | Reached skill level 10 in Maces & Flails
  5728 | D:6      | Noticed Dowan
  5735 | D:6      | Killed Dowan
  5736 | D:6      | Noticed Duvessa
  5748 | D:6      | Killed Duvessa
  5912 | D:6      | Noticed a queen bee
  5942 | D:6      | Found a transporter.
  5946 | D:6      | Found a transporter.
  5946 | D:6      | Noticed diiiiiane's ghost (novice DEFE)
  6290 | D:7      | Reached skill level 11 in Maces & Flails
  6832 | D:8      | Slain by a large slime creature

Illustrated notes

Levels and vault maps discovered:
D:1:      ebering_trefoil_3fold, layout_basic
D:2:      layout_rooms, overflow_temple_1_default, first_ration,
          grunt_ministairs_11, lemuel_blue_sif_altar
D:3:      layout_loops_ring, minmay_cupped
D:4:      layout_basic, minmay_temple_entry_crystal_x
D:5:      layout_basic, chequers_temple_overflow_statue_of_worship,
          uniq_prince_ribbit1, uniq_pikel, uniq_eustachio
D:6:      layout_rooms, gammafunk_ghost_hive, uniq_duvessa
D:7:      layout_basic
D:8:      layout_basic, tgw_xom, okawaru_trees_1
Temple:   nicolae_temple_x_marks_the_god

Skill      XL: |  1  2  3  4  5  6  7  8  9 |
---------------+----------------------------+-----
Shields        | 4 5 |  5.0
Armour         | 4 5 |  5.0
Fighting       | 4 5 |  5.0
Maces & Flails | 3 4 7 9 11 | 11.6

Action                   |  1- 3 |  4- 6 |  7- 9 || total
-------------------------+-------+-------+-------++-------
Melee: Flail             |   125 |   238 |   157 ||   520
       Whip              |       |       |    63 ||    63
Throw: Javelin           |       |     7 |    17 ||    24
  Eat: Chunk             |     1 |     8 |     4 ||    13
       Ration            |       |       |     2 ||     2
Armor: Scale mail        |    46 |       |       ||    46
       Ring mail         |    35 |   181 |    73 ||   289
Dodge: Dodged            |    47 |   132 |    47 ||   226
Block: Kite shield       |    84 |   172 |    79 ||   335
